 Dungeon Crawl Stone Soup version 0.29.1-4-g47bece8355 (webtiles) character file.

Game seed: 13021817965826916258

50 DandyGuy the Shooter (level 3, -3/21 HPs)
             Began as a Gargoyle Hunter on Dec 12, 2022.
             Slain by a gnoll
             ... wielding a +0 flail
              (6 damage)
             ... on level 2 of the Dungeon.
             The game lasted 00:04:05 (1829 turns).

DandyGuy the Shooter (Gargoyle Hunter)              Turns: 1829, Time: 00:04:06

Health: -3/21      AC:  8    Str: 14    XL:     3   Next: 79%
Magic:  3/3        EV: 11    Int:  9    God:
Gold:   43         SH:  0    Dex: 21    Spells: 2/2 levels left

rFire   . . .      SeeInvis .   a - +0 shortbow
rCold   . . .      Faith    +   (shield currently unavailable)
rNeg    + . .      Spirit   .   h - +0 ring mail
rPois   ∞          Reflect  .   (no helmet)
rElec   +          Harm     .   (no cloak)
rCorr   .          Rampage  .   (no gloves)
Will    .....                   (no boots)
Stlth   +.........              g - amulet of faith
HPRegen 0.07/turn               f - +6 ring of dexterity
MPRegen 0.08/turn               (no ring)

@: no status effects
A: sickness immunity, AC +3, negative energy resistance 1, electricity
resistance, torment resistance 1, petrification resistance
a: no special abilities


You were on level 2 of the Dungeon.
You visited 1 branch of the dungeon, and saw 2 of its levels.

You collected 43 gold pieces.

Inventory:

Hand Weapons
 a - a +0 shortbow (weapon)
Armour
 h - a +0 ring mail (worn)
Jewellery
 f - a +6 ring of dexterity (left hand)
 g - an amulet of faith (around neck)
Scrolls
 b - a scroll of immolation
Potions
 d - a potion of flight {unknown}
 e - a potion of curing {unknown}


   Skills:
 - Level 2.1 Fighting
 * Level 5.3 Ranged Weapons
 - Level 1.5 Dodging
 - Level 1.1 Stealth


You had 2 spell levels left.
You didn't know any spells.
Your spell library contained the following spells:

 Spells                   Type           Power      Damage    Failure   Level
 Sandblast                Erth           0%         2d4       63%         1
 Passwall                 Tmut/Erth      0%         N/A       77%         2
 Wereblood                Tmut           0%         N/A       77%         2
 Stone Arrow              Conj/Erth      0%         3d7       94%         3
 Summon Hydra             Summ           0%         N/A       100%        7
 Sublimation of Blood     Necr           Unusable   N/A       N/A         2

Dungeon Overview and Level Annotations

Branches:
Dungeon (2/15)

Altars:


Innate Abilities, Weirdness & Mutations

You are immune to sickness and miasma.
Your stone body is resilient. (AC +3)
You are immune to poison.
You resist negative energy. (rN+)
You are resistant to electric shocks. (rElec)
You are resistant to unholy torment.
You are immune to petrification.


Message History

You feel a strange surge of divine interest.
g - an amulet of faith (around neck)
A gnoll comes into view. It is wielding a +0 flail.
The gnoll shouts!
You hear a shout!
A kobold comes into view. It is wielding a +0 dagger.
You shoot an arrow. The arrow barely misses the gnoll.
You shoot an arrow. The arrow hits the gnoll.
The gnoll is lightly wounded.
You shoot an arrow. The arrow hits the gnoll.
The gnoll is heavily wounded.
You shoot an arrow. The arrow closely misses the gnoll.
The arrow closely misses the kobold.
You shoot an arrow. The arrow closely misses the gnoll.
The arrow closely misses the kobold.
The gnoll closely misses you. The gnoll hits you with a +0 flail.
The kobold hits you with a +0 dagger.
You are too injured to fight recklessly!
The kobold attacks as you move away! The kobold barely misses you.
The gnoll attacks as you move away! The gnoll closely misses you.
The gnoll barely misses you. The gnoll attacks as you move away!
The gnoll closely misses you.
You are too injured to fight recklessly!
You are too injured to fight recklessly!
You are too injured to fight recklessly!
You are too injured to fight recklessly!
You clumsily bash the gnoll but do no damage.
The gnoll is heavily wounded.
The gnoll closely misses you.
You clumsily bash the gnoll but do no damage.
The gnoll is heavily wounded.
The gnoll hits you with a +0 flail. The gnoll hits you but does no damage.
You clumsily bash the gnoll but do no damage.
The gnoll is heavily wounded.
The gnoll hits you with a +0 flail!
* * * LOW HITPOINT WARNING * * *
You clumsily bash the gnoll but do no damage.
The gnoll is heavily wounded.
The gnoll hits you with a +0 flail.
* * * LOW HITPOINT WARNING * * *
The gnoll hits you with a +0 flail.
You die...

#.####.# ..# #......#.#
#.# #..#####.# #.#######
#..# #.# #.#.....# #..#
#.# #.#..#..# #..#
#.###.#..#..#
#..#####.##..#K.#..#
#..##....##.##g##.##
#..##....##.#.@#..#
#..##.....>.#..#..#
##..#######.##..#..#
#......)........#...
##.########..######
#.#######.........
##................#
#.............###.#
##.##########.###.#######


You could see a gnoll and a kobold.

Vanquished Creatures
  A worm (D:2)
  3 ball pythons (D:2)
  5 bats
  4 endoplasms
  A giant cockroach (D:2)
  6 hobgoblins
  8 jackals (D:1)
  A quokka (D:2)
  A frilled lizard (D:1)
  6 goblins
  4 kobolds
40 creatures vanquished.

Vanquished Creatures (others)
  A plant (D:1)
1 creature vanquished.

Grand Total: 41 creatures vanquished

Notes
Turn   | Place    | Note
-------+----------+-------------------------------------------
     0 | D:1      | DandyGuy the Gargoyle Hunter began the quest for the Orb.
     0 | D:1      | Reached XP level 1. HP: 12/12 MP: 1/1
   194 | D:1      | Reached XP level 2. HP: 17/17 MP: 2/2
   647 | D:1      | Reached XP level 3. HP: 18/21 MP: 3/3
   849 | D:1      | Reached skill level 5 in Ranged Weapons
   906 | D:1      | Found a faded altar of an unknown god.
  1829 | D:2      | Slain by a gnoll

Illustrated notes

Levels and vault maps discovered:
D:1:      dpeg_arrival_shrine, layout_loops_ring,
          chequers_ecumenical_altar_grove, serial_forest,
          infiniplex_forest_clump_double, infiniplex_forest_end_1,
          infiniplex_forest_pool, infiniplex_forest_straight_2,
          infiniplex_forest_straight_1, infiniplex_forest_lined_corner,
          infiniplex_forest_zigzag_2, hangedman_decor_push
D:2:      minmay_angry_zag, layout_basic, dk_noncrumbling_3

Skill      XL: |  1  2  3 |
---------------+----------+-----
Ranged Weapons | 5 |  5.3
Fighting       | |  2.1
Dodging        | |  1.5
Stealth        | |  1.1

Action                   || total
-------------------------++-------
Melee: Shortbow          ||    24
 Fire: Shortbow          ||   120
  Use: Scroll            ||     1
Armor: Leather armour    ||    33
       Ring mail         ||    14
Dodge: Dodged            ||    81
